 Dungeon Crawl Stone Soup version 0.31-a0-486-g8d68a81214 (webtiles) character file.

Game seed: 16885218435873921048

77 javelincjr the Ruffian (level 4, 0/29 HPs)
             Began as an Octopode Shapeshifter on Aug 7, 2023.
             Was an Initiate of Gozag.
             Slain by a river rat (6 damage)
             ... on level 3 of the Dungeon.
             The game lasted 00:04:35 (1483 turns).

javelincjr the Ruffian (Octopode Shapeshifter)      Turns: 1483, Time: 00:04:36

Health: 0/29       AC:  1    Str: 16    XL:     4   Next: 33%
Magic:  13/13      EV: 13    Int: 10    God:    Gozag
Gold:   151        SH:  3    Dex: 12    Spells: 3/3 levels left

rFire   . .          .
                       - Unarmed
rCold   . . .        l - +0 buckler
rNeg    . . .        (helmet currently unavailable)
rPois   .            (no amulet)
rElec   .            k - ring of magical power
rCorr   .            (no ring)
SInv    .            (no ring)
Will    .....        (no ring)
Stlth   +++          (no ring)
HPRegen 0.24/turn    (no ring)
MPRegen 0.13/turn    (no ring)
                     (no ring)

%: no passive effects
@: beast-form, gold aura
A: beast (slay +2), almost no armour, amphibious, 8 rings, camouflage 1,
gelatinous body 1, (nimble swimmer 1), tentacles
a: Begin Untransformation, Renounce Religion, Potion Petition, Call Merchant,
Bribe Branch


You were on level 3 of the Dungeon.
You worshipped Gozag.
Gozag was aware of your devotion.
You were a hulking beast.
You visited 1 branch of the dungeon, and saw 3 of its levels.

You collected 187 gold pieces.
You spent 36 gold pieces at shops.

Inventory:

Armour
 l - a +0 buckler (worn)
Jewellery
 k - a ring of magical power (left tentacle)
Talismans
 b - a beast talisman (active)
Scrolls
 c - 2 scrolls of immolation {unknown}
 e - a scroll of teleportation {unknown}
 f - 3 scrolls of fear {unknown}
 g - a scroll of blinking {unknown}
 i - 3 scrolls of noise {unknown}
 j - a scroll of fog {unknown}
 m - a scroll of brand weapon {unknown}
 n - 4 scrolls of identify {unknown}
Potions
 a - 2 potions of lignification
 d - a potion of might {unknown}
 h - 2 potions of curing
 o - a potion of mutation {unknown}


   Skills:
 + Level 1.9 Fighting
 + Level 2.6 Dodging
 + Level 2.0 Stealth
 + Level 3.5 Unarmed Combat
 + Level 3.3 Shapeshifting


You had 3 spell levels left.
You didn't know any spells.
Your spell library was empty.

Dungeon Overview and Level Annotations

Branches:
Dungeon (3/15)

Altars:
Gozag

Shops:
D:3 [!


Innate Abilities, Weirdness & Mutations

You are a hulking beast.
Your limbs bulge with bestial killing power. (Slay +2)
You cannot wear most types of armour.
You are amphibious.
You can wear up to eight rings at the same time.
Your skin changes colour to match your surroundings (Stealth+).
Your rubbery body absorbs attacks. (AC +1, EV +1)
((You are camouflaged when in or above water. (Stealth+)))
You have tentacles for arms and can constrict up to eight enemies at once.


Message History

You barely miss the adder. Your grab misses the adder.
The adder is moderately wounded.
The adder closely misses you.
You closely miss the adder. You grab the adder.
The adder is lightly wounded.
You constrict the adder. The adder barely misses you.
You tentacle-slap the adder.
You squeeze the adder, but do no damage.
The adder is heavily wounded.
You constrict the adder. You block the adder's attack.
The adder barely misses you.
You tentacle-slap the adder.
You kill the adder!
You tentacle-slap the river rat but do no damage.
Your grab misses the river rat. The river rat barely misses you.
You barely miss the river rat. You grab the river rat.
Your squeeze misses the river rat. You constrict the river rat.
The river rat misses you.
You tentacle-slap the river rat but do no damage.
You squeeze the river rat!
The river rat is almost dead.
You constrict the river rat.
You kill the river rat!
The river rat barely misses you.
Your Stealth skill increases to level 2!
You tentacle-slap the river rat. You grab the river rat.
The river rat is lightly wounded.
You constrict the river rat, but do no damage.
You block the river rat's attack.
You tentacle-slap the river rat.
The river rat is moderately wounded.
You constrict the river rat, but do no damage.
The river rat bites you!
* * * LOW HITPOINT WARNING * * *
You barely miss the river rat.
The river rat is moderately wounded.
You constrict the river rat, but do no damage.
The river rat bites you.
You die...
Your body crumbles into a pile of gold.

#.. #b$.. #.#.#
#.#.# #.#.##
#####.#..
........######
.#####..wrh...#
.........####.#
...~.....# #.#
.~~~~~.~.# #.#
###~#~#~r# #.#
~~~~~~~~#
#.#######
~#########
##.#......
####...##
#.......#


You could see a worm and a river rat.

Vanquished Creatures
  Jessica (D:2)
  An adder (D:3)
  A river rat (D:3)
  2 dart slugs
  2 bats (D:2)
  An endoplasm (D:2)
  2 giant cockroaches (D:1)
  A goblin (D:1)
  A hobgoblin (D:1)
  4 jackals (D:2)
  2 kobolds
  2 quokkas
  4 ball pythons
  4 rats
28 creatures vanquished.

Notes
Turn   | Place    | Note
-------+----------+-------------------------------------------
     0 | D:1      | javelincjr the Octopode Shapeshifter began the quest for
                  | the Orb.
     0 | D:1      | Reached XP level 1. HP: 13/13 MP: 1/1
   263 | D:1      | Reached XP level 2. HP: 18/18 MP: 2/2
   710 | D:2      | Noticed Jessica
   715 | D:2      | Killed Jessica
   716 | D:2      | Reached skill level 1 in Stealth
   716 | D:2      | Reached XP level 3. HP: 18/24 MP: 3/3
   716 | D:2      | Found a faded altar of an unknown god.
   726 | D:2      | Prayed at the altar of an unknown god.
   726 | D:2      | Became a worshipper of Gozag Ym Sagoz the Greedy
  1242 | D:2      | You fall into a shaft and drop 1 floor!
  1307 | D:3      | Found Huezolea's Distillery.
  1317 | D:3      | Bought a potion of curing for 36 gold pieces
  1391 | D:3      | Found Ostuciac's Antique Armour Shop.
  1396 | D:3      | Reached XP level 4. HP: 29/29 MP: 4/4
  1483 | D:3      | Slain by a river rat

Illustrated notes

Levels and vault maps discovered:
D:1:      matt_arrival_los_fun, layout_loops_ring
D:2:      layout_loops_corners, hellmonk_ecumenical_altar_crossroads,
          fountainhead, uniq_jessica
D:3:      layout_loops_ring, lightli_sewer_entry_pipes, serial_shops, shop,
          shop, shop, shop, minmay_misc_feat_rugged

Skill      XL: |  1  2  3  4 |
---------------+-------------+-----
Stealth        | 1 2 |  2.0
Fighting       | |  1.9
Dodging        | |  2.6
Unarmed Combat | |  3.5
Shapeshifting  | |  3.3

Action                     |  1- 3 |  4- 6 || total
---------------------------+-------+-------++-------
  Melee: Unarmed           |    40 |    15 ||    55
         Constrict         |    13 |     5 ||    18
         Tentacles         |     8 |     3 ||    11
         Punch             |     2 |       ||     2
    Use: Potion            |       |     1 ||     1
   Stab: Sleeping          |     5 |       ||     5
 Armour: Skin              |     4 |       ||     4
  Dodge: Dodged            |    23 |    12 ||    35
  Block: Buckler           |     1 |     3 ||     4

Table legend: (Time is in decaauts)
 A = Elapsed time spent in this place.
 B = Non-inter-level travel time spent in this place.
 C = Inter-level travel time spent in this place.
 D = Time resting spent in this place.
 E = Time spent auto-exploring this place.
 F = Levels seen in this place.
 G = Mean time per level.
                   A        B        C        D        E       F      G
               +--------+--------+--------+--------+--------+-----+--------+
         Total |   1480 |   1442 |     38 |      0 |   1066 |   3 |  493.3 |
       Dungeon |   1480 |   1442 |     38 |      0 |   1066 |   3 |  493.3 |
               +--------+--------+--------+--------+--------+-----+--------+

Top non-repeatable levels by time:
     D:1: 626 daAuts
     D:2: 612 daAuts
     D:3: 240 daAuts
